 Dungeon Crawl Stone Soup version 0.28.0 (webtiles) character file.

Game seed: 9057047425896534379

9 Snicker the Sneak (level 2, -4/24 HPs)
             Began as a Demonspawn Delver on Feb 19, 2022.
             Killed by nerve-wracking pain
             ... invoked by Grinder
              (10 damage)
             ... on level 4 of the Dungeon.
             The game lasted 00:01:55 (477 turns).

Snicker the Sneak (Demonspawn Delver)                Turns: 477, Time: 00:01:55

Health: -4/24      AC:  6    Str: 12    XL:     2   Next: 3%
Magic:  2/2        EV: 11    Int: 11    God:
Gold:   17         SH:  0    Dex: 14    Spells: 1/1 levels left

rFire   . . .      SeeInvis .   a - +0 short sword
rCold   . . .      Faith    .   (no shield)
rNeg    . . .      Spirit   .   b - +1 leather armour
rPois   .          Reflect  .   (no helmet)
rElec   .          Harm     .   (no cloak)
rCorr   .          Rampage  .   (no gloves)
Will    .....                   (no boots)
Stlth   +++.......              (no amulet)
HPRegen 0.08/turn               (no ring)
MPRegen 0.08/turn               (no ring)

@: hasted, very quick
A: slimy green scales 1
a: no special abilities


You were on level 4 of the Dungeon.
You visited 1 branch of the dungeon, and saw 3 of its levels.

You collected 17 gold pieces.

Inventory:

Hand Weapons
 a - a +0 short sword (weapon)
Armour
 b - a +1 leather armour (worn)
Wands
 g - a wand of digging (3)
Scrolls
 c - 2 scrolls of fog
 d - 2 scrolls of magic mapping


   Skills:
 + Level 3.0 Fighting
 * Level 1.8 Short Blades
 + Level 1.8 Dodging
 * Level 4.8 Stealth


You had one spell level left.
You didn't know any spells.
Your spell library was empty.

Dungeon Overview and Level Annotations

Branches:
Dungeon (6/15)
 Temple: D:4-7

Altars:
Xom

Annotations:
D:4 Grinder


Innate Abilities, Weirdness & Mutations

You are partially covered in slimy green scales. (AC +2)


Message History

It's broken and can't be closed.
It's broken and can't be closed.
It's broken and can't be closed.
It's broken and can't be closed.
It's broken and can't be closed.
It's broken and can't be closed.
It's broken and can't be closed.
It's broken and can't be closed.
Okay, then.
Unknown command.
Grinder hits you.
You writhe in agony.
There is a broken door here.
As you read the scroll of fear, it crumbles to dust.
You assume a fearsome visage.
Grinder looks frightened!
Grinder blinks!
Grinder blinks!
Grinder blinks!
There is a stone staircase leading down here.
Grinder gestures at you. Pain shoots through your body!
* * * LOW HITPOINT WARNING * * *
Grinder seems to regain her courage.
Grinder gestures at you.
You struggle to resist.
Grinder gestures at you.
You struggle to resist.
A scorpion comes into view.
The scorpion completely misses you. The scorpion closely misses you.
The scorpion stings you but does no damage.
Grinder blinks!
The scorpion completely misses you. The scorpion stings you.
* * * LOW HITPOINT WARNING * * *
Okay, then.
Unknown command.
You feel yourself speed up. The scorpion misses you.
The scorpion closely misses you. The scorpion closely misses you.
Grinder gestures at you. Pain shoots through your body!
You die...

#....#
#.....#
#.....#
#.....#
#5....#
+.....#
#.....#
#.....#
#.....#
#..@..#
#.....#
#.s...#
#.....#
#.....#
#.....#
#.....#
#.....#
#######


You could see Grinder and a scorpion.

Vanquished Creatures
  An adder (D:5)
1 creature vanquished.

Notes
Turn   | Place    | Note
-------+----------+-------------------------------------------
     0 | D:5      | Snicker the Demonspawn Delver began the quest for the Orb.
     0 | D:5      | Reached XP level 1. HP: 18/18 MP: 1/1
    40 | D:5      | Found a shimmering altar of Xom.
    52 | D:5      | Gained mutation: You are partially covered in slimy green
                  | scales. (AC +2) [demonic ancestry]
    52 | D:5      | Reached XP level 2. HP: 6/24 MP: 2/2
   277 | D:6      | Noticed an ogre
   306 | D:4      | Noticed Grinder
   309 | D:4      | Paralysed by Grinder for 3 turns
   424 | D:5      | Noticed a phantom
   451 | D:4      | Noticed a scorpion
   477 | D:4      | Killed from afar by Grinder

Illustrated notes

Levels and vault maps discovered:
D:4:      layout_gridville, fedhas_altar_1, kennysheep_generic_room_16,
          uniq_grinder, uniq_pikel
D:5:      layout_rooms, dk_xom_monty_hall, nicolae_overflow_squiral,
          enter_ossuary_5
D:6:      layout_basic, nemelex_altar_shiori, minmay_temple_entry_grid,
          uniq_eustachio

Action                   || total
-------------------------++-------
Melee: Short sword       ||    11
  Use: Scroll            ||     2
       Potion            ||     1
Armor: Leather armour    ||     7
Dodge: Dodged            ||    15
